AoeStats
← Baltazar

Arena

510108691Analyzed
1v1 RM · 3d ago on Sep 29, 2026· 51m 52s· 2 players
Game mode
Random Map
Map size
Tiny (2 player)
Population
200
Speed
Normal
Resources
Standard
Victory
Conquest
Starting age
Dark Age
Ending age
Imperial Age
RankedLock teamsTeams togetherTeam positionsShared explorationLock speedFull tech treeHidden civsTurbo modeCheats
Victory
Defeat
🇹🇷 Bohemians · Türkiye
439
+18
🇸🇪 Britons · Sweden
473
-18
Baltazar
9:58 Feudal Age
10:28 Double-Bit Axe
11:35 Wheelbarrow
11:44 Loom
11:47 Town Watch
20:37 Castle Age
19:33 Horse Collar
19:29 Man-at-Arms
21:30 Bow Saw
21:23 Heavy Plow
32:27 Imperial Age
30:16 Masonry
31:23 Crossbowman
32:06 Squires
31:52 Arson
32:54 Husbandry
33:00 Scale Mail Armor
33:02 Padded Archer Armor
34:15 Two-Man Saw
33:29 Forging
33:10 Fletching
33:26 Scale Barding Armor
33:52 Ballistics
35:54 Chemistry
36:10 Sanctity
35:44 Elite Skirmisher
35:54 Arbalester
37:10 Hand Cart
38:51 Long Swordsman
38:53 Pikeman
39:17 Cavalier
40:18 Two-Handed Swordsman
41:24 Chain Mail Armor
41:05 Bodkin Arrow
41:19 Town Patrol
mumsfilibabba
9:30 Feudal Age
10:01 Double-Bit Axe
9:58 Horse Collar
15:32 Wheelbarrow
21:16 Castle Age
20:17 Forging
21:07 Gold Mining
21:39 Scale Barding Armor
22:59 Husbandry
22:20 Light Cavalry
24:13 Stone Mining
25:06 Heavy Plow
26:51 Bow Saw
27:04 Padded Archer Armor
29:37 Hand Cart
29:24 Town Watch
29:25 Loom
30:20 Gold Shaft Mining
30:08 Chain Barding Armor
31:17 Iron Casting
34:43 Fletching
35:10 Leather Archer Armor
38:12 Imperial Age
37:08 Bodkin Arrow
37:57 Ballistics
37:37 Elite Skirmisher
38:56 Yeomen
39:59 Chemistry
39:03 Bracer
39:58 Ring Archer Armor
40:36 Blast Furnace
41:23 Two-Man Saw
40:34 Cranequins
42:47 Two-Man Saw
42:09 Elite Longbowman
43:17 Masonry
43:46 Plate Barding Armor
43:26 Cavalier
45:42 Town Patrol
46:14 Onager
47:46 Architecture
47:05 Arrowslits
Connection lost

Rejoining the realm…

Still unreachable

The connection could not be restored.

Session expired

The server has moved on; the page needs a fresh start.